 Dungeon Sprint DCSS version 0.31-a0-4-gefa6de2278 (webtiles) character file.

Game seed: 10717508078558061602

712 sircluck the Grappler (level 7, -17/79 HPs)
             Began as a Troll Berserker on May 4, 2023.
             Was a High Priest of Trog.
             Killed from afar by a tengu conjurer (31 damage)
             ... with a bolt of lightning
             ... in the Dungeon (Sprint IX: "|||||||||||||||||||||||||||||").
             The game lasted 00:01:13 (341 turns).

sircluck the Grappler (Troll Berserker)              Turns: 341, Time: 00:01:14

Health: -17/79     AC:  5    Str: 28    XL:     7   Next: 41%
Magic:  6/6        EV: 14    Int:  3    God:    Trog [*****.]
Gold:   0          SH:  0    Dex: 12    Spells: 6/6 levels left

rFire   . .          .
                       - Unarmed
rCold   . . .        (no shield)
rNeg    . . .        a - +0 animal skin
rPois   .            (helmet restricted)
rElec   .            m - +0 cloak
rCorr   .            (gloves unavailable)
SInv    .            (boots unavailable)
Will    .....        (no amulet)
Stlth   +            j - +3 ring of dexterity
HPRegen 1.13/turn    k - +2 ring of evasion
MPRegen 0.10/turn

%: no teleportation
@: no status effects
A: large, unfitting armour, claws 3, regeneration 1, shaggy fur 1, tough skin 1
a: Renounce Religion, Berserk, Trog's Hand, Brothers in Arms


You were in the Dungeon.
You worshipped Trog.
Trog was extremely pleased with you.
You visited 1 branch

Inventory:

Armour
 a - a +0 animal skin (worn)
 m - a +0 cloak (worn)
Jewellery
 j - a +3 ring of dexterity (left claw)
 k - a +2 ring of evasion (right claw)
Wands
 i - a wand of iceblast (10)
Scrolls
 g - a scroll of blinking
Potions
 b - 5 potions of curing
 c - 3 potions of heal wounds
 d - a potion of haste
 e - 4 potions of magic
 f - a potion of berserk rage
 h - a potion of invisibility


   Skills:
 + Level 7.6 Fighting
 + Level 8.3 Dodging
 + Level 10.7 Unarmed Combat


You had 6 spell levels left.
You didn't know any spells.
Your spell library was empty.

Dungeon Overview and Level Annotations

Branches:
Dungeon (1/1)

Altars:
Cheibriados
Dithmenos
Elyvilon
Fedhas
Gozag
Hepliaklqana
Kikubaaqudgha
Makhleb
Nemelex Xobeh
Okawaru
Qazlal
Ru
Sif Muna
Trog
Uskayaw
Vehumet
Wu Jian
Xom
Yredelemnul
Zin
The Shining One
Jiyva
Lugonu


Innate Abilities, Weirdness & Mutations

You are too large for most types of armour.
You have claws for hands.
Your natural rate of healing is unusually fast.
You are covered in fur. (AC +1)
You have tough skin. (AC +1)


Message History

There is a hazy altar of Hepliaklqana here.
There is an opulent altar of Gozag here.
There is a blossoming altar of Fedhas here.
There is a white marble altar of Elyvilon here.
There is a shadowy altar of Dithmenos here.
There is a snail-covered altar of Cheibriados here.
There is a roughly hewn altar of Beogh here.
There is an open door to the Temple here.
The tengu conjurer gestures at you while chanting.
The bolt of lightning hits you!!
* * * LOW HITPOINT WARNING * * *
The tengu conjurer gestures at you while chanting.
The bolt of lightning hits you!
* * * LOW HITPOINT WARNING * * *
Things that are here:
a +0 giant club; a black bear skeleton; an ogre skeleton
There is an open door, spattered with blood here.
Items here: )) [[ ÷.
You see here a bat skeleton.
Items here: ( )) ÷÷.
There is an open door to the Dungeon here.
There is a staircase leading out of the dungeon here.
The tengu conjurer barely misses you. The tengu conjurer pecks you.
The tengu conjurer claws you.
* * * LOW HITPOINT WARNING * * *
You barely miss the tengu conjurer. The tengu conjurer barely misses you.
The tengu conjurer pecks you.
* * * LOW HITPOINT WARNING * * *
The tengu conjurer barely misses you.
You mangle the tengu conjurer!!
The tengu conjurer is severely wounded.
The boulder beetle curls into a ball and begins rolling!
The tengu conjurer hits you!
* * * LOW HITPOINT WARNING * * *
The tengu conjurer closely misses you. x2
The tengu conjurer blocks your attack.
The tengu conjurer is severely wounded.
The tengu conjurer casts a spell at you.
The bolt of lightning hits you!!
You die...

▓▓▓
▓<▓
▓.▓
▓.▓
▓@▓
▓Q▓
▓)▓
▓÷▓
▓B▓
▓*▓
▓.▓
▓)▓
▓)▓


You could see a boulder beetle (rolling), a tengu conjurer and a battlesphere.

Vanquished Creatures
  A troll (D)
  A black bear (D)
  An ogre (D)
  2 kobold brigands (D)
  A wight (D)
  2 killer bees (D)
  A jelly (D)
  2 orcs (D)
  A quokka (D)
  A bat (D)
  2 kobolds (D)
  A rat (D)
16 creatures vanquished.

Notes
Turn   | Place    | Note
-------+----------+-------------------------------------------
     0 | D        | sircluck the Troll Berserker began the quest for the Orb.
     0 | D        | Reached XP level 1. HP: 22/22 MP: 0/0
     9 | D        | Reached ** piety under Trog
    19 | D        | Noticed a jelly
    19 | D        | Noticed an ogre
    19 | D        | Noticed a black bear
    22 | D        | Reached *** piety under Trog
    23 | D        | Reached XP level 2. HP: 29/31 MP: 1/1
    26 | D        | Reached skill level 4 in Unarmed Combat
    26 | D        | Reached XP level 3. HP: 36/39 MP: 2/2
    30 | D        | Killed an ogre
    31 | D        | Reached skill level 5 in Dodging
    31 | D        | Reached skill level 6 in Unarmed Combat
    31 | D        | Reached XP level 4. HP: 29/49 MP: 3/3
    32 | D        | Killed a black bear
    33 | D        | Reached skill level 5 in Fighting
    33 | D        | Reached skill level 7 in Unarmed Combat
    33 | D        | Reached XP level 5. HP: 30/59 MP: 4/4
    38 | D        | Found a snail-covered altar of Cheibriados.
    38 | D        | Found a shadowy altar of Dithmenos.
    38 | D        | Found a white marble altar of Elyvilon.
    38 | D        | Found a blossoming altar of Fedhas.
    38 | D        | Found an opulent altar of Gozag.
    39 | D        | Found a hazy altar of Hepliaklqana.
    40 | D        | Found a viscous altar of Jiyva.
    41 | D        | Found an ancient bone altar of Kikubaaqudgha.
    42 | D        | Found a corrupted altar of Lugonu.
    43 | D        | Found a burning altar of Makhleb.
    44 | D        | Found a sparkling altar of Nemelex Xobeh.
    45 | D        | Found an iron altar of Okawaru.
    46 | D        | Found a stormy altar of Qazlal.
    47 | D        | Found a sacrificial altar of Ru.
    48 | D        | Found a shimmering blue altar of Sif Muna.
    49 | D        | Found a bloodstained altar of Trog.
    50 | D        | Found a hide-covered altar of Uskayaw.
    51 | D        | Found a radiant altar of Vehumet.
    52 | D        | Found an ornate altar of the Wu Jian Council.
    53 | D        | Found a shimmering altar of Xom.
    54 | D        | Found a basalt altar of Yredelemnul.
    55 | D        | Found a glowing silver altar of Zin.
    56 | D        | Found a glowing golden altar of the Shining One.
   100 | D        | Noticed a troll
   101 | D        | Reached **** piety under Trog
   102 | D        | Reached skill level 8 in Unarmed Combat
   104 | D        | Reached XP level 6. HP: 55/68 MP: 5/5
   109 | D        | Killed a troll
   110 | D        | Reached skill level 9 in Unarmed Combat
   110 | D        | Reached XP level 7. HP: 47/78 MP: 6/6
   114 | D        | Reached skill level 10 in Unarmed Combat
   118 | D        | Reached ***** piety under Trog
   278 | D        | Noticed a boulder beetle
   278 | D        | Noticed a cyclops
   278 | D        | Noticed a manticore
   278 | D        | Noticed a meliai
   278 | D        | Noticed a tengu conjurer
   278 | D        | Noticed a skeletal warrior
   282 | D        | HP: 1/79 [boulder beetle (22)]
   341 | D        | Killed from afar by a tengu conjurer

Illustrated notes

Levels and vault maps discovered:
D:        linesprint [early_d, line_temple, items_1, d_10, items_2, lair_1,
          lair_end, items_3, orc_1, orc_end, items_4, d_15, swamp_1, shoals_1,
          snake_1, spider_1, d_20, vaults_1, items_5, swamp_end, shoals_end,
          snake_end, spider_end, vaults_end, d_27, items_6, zot_1, zot_end,
          crypt_end, forest_end, elf_end, slime_end, tomb_end, abyss_end,
          pan_hell_end]

Skill      XL: |  1  2  3  4  5  6  7 |
---------------+----------------------+-----
Fighting       | 3 4 5 6 7 |  7.6
Dodging        | 3 4 5 6 7 8 |  8.3
Unarmed Combat | 4 6 7 8 9 10 | 10.7

Action                     |  1- 3 |  4- 6 |  7- 9 || total
---------------------------+-------+-------+-------++-------
  Melee: Unarmed           |    19 |    10 |    20 ||    49
         Punch             |     1 |       |     1 ||     2
    Use: Scroll            |       |       |     1 ||     1
 Armour: Animal skin       |     4 |     1 |     4 ||     9
  Dodge: Dodged            |     6 |    11 |    13 ||    30

Table legend: (Time is in decaauts)
 A = Elapsed time spent in this place.
 B = Non-inter-level travel time spent in this place.
 C = Inter-level travel time spent in this place.
 D = Time resting spent in this place.
 E = Time spent auto-exploring this place.
 F = Levels seen in this place.
 G = Mean time per level.
                   A        B        C        D        E       F      G
               +--------+--------+--------+--------+--------+-----+--------+
         Total |    333 |    333 |      0 |    148 |     11 |   1 |  333.0 |
       Dungeon |    333 |    333 |      0 |    148 |     11 |   1 |  333.0 |
               +--------+--------+--------+--------+--------+-----+--------+

Top non-repeatable levels by time:
       D: 333 daAuts
